[ PARTIDA AOE2 · #480902896 ]
1v1 RMArmenios vs Magyars
Equipo del jugador · VICT
Equipo rival · DERR
[ ANÁLISIS DE REPETICIÓN · EXTRAÍDO DE LA PARTIDA GRABADA ]
Feudal
11:40
Castillos
—
Imperial
—
| APM promedio | 20.7 |
| APM pico | 41 |
| eAPM promedio | 10.1 |
| Aldeanos / militares | 30 / 12 |
Foco
⚔️ 19.2% · 🌾 80.8%
Spearman ×7 · Militia ×5
Feudal
12:28
Castillos
—
Imperial
—
| APM promedio | 42.0 |
| APM pico | 56 |
| eAPM promedio | 16.0 |
| Aldeanos / militares | 40 / 8 |
Foco
⚔️ 11.7% · 🌾 88.3%
Scout Cavalry ×7 · Militia ×1
Mapa de la partida
Recursos iniciales + cada clic de construcción. Líneas = muros · curvas = relieve. ◆ oro · ⬟ piedra · ● bayas · ✦ reliquia · ◌ hueco del cierre
Tu base· Abierta — flanco sin cerrar
Base de Anima· Abierta — flanco sin cerrar
Terreno inicial suavizado · ◌ = hueco del cierre detectado · pasá el cursor para detalles
Inputs por minuto
— RedGrant - - Anima
Build order — RedGrant
69 acciones detectadas en el replay
| 0:02 | Crear | Villager (Male) |
| 0:02 | Crear | Villager (Male) |
| 0:02 | Crear | Villager (Male) |
| 0:02 | Crear | Villager (Male) |
| 0:05 | Construir | House |
| 0:07 | Construir | House |
| 1:30 | Crear | Villager (Male) |
| 1:30 | Crear | Villager (Male) |
| 2:13 | Crear | Villager (Male) |
| 2:13 | Crear | Villager (Male) |
| 2:29 | Crear | Villager (Male) |
| 2:29 | Crear | Villager (Male) |
| 2:58 | Construir | Mule Cart |
| 3:02 | Crear | Villager (Male) |
| 3:02 | Crear | Villager (Male) |
| 3:45 | Crear | Villager (Male) |
| 3:45 | Crear | Villager (Male) |
| 3:45 | Crear | Villager (Male) |
| 5:02 | Crear | Villager (Male) |
| 5:02 | Crear | Villager (Male) |
| 5:25 | Crear | Villager (Male) |
| 5:25 | Crear | Villager (Male) |
| 5:34 | Construir | House |
| 5:48 | Investigar | Loom |
| 5:51 | Crear | Villager (Male) |
| 6:06 | Crear | Villager (Male) |
| 6:06 | Crear | Villager (Male) |
| 6:26 | Crear | Villager (Male) |
| 6:26 | Crear | Villager (Male) |
| 6:53 | Construir | Mule Cart |
| 7:09 | Crear | Villager (Male) |
| 8:04 | Construir | Barracks |
| 8:16 | Construir | House |
| 8:47 | Crear | Villager (Male) |
| 9:09 | Construir | Palisade Wall |
| 9:15 | Construir | Palisade Gate |
| 9:24 | Construir | Barracks |
| 9:30 | Investigar | Feudal Age |
| 10:04 | Construir | Mill |
| 10:56 | Crear | Militia |
| 10:56 | Crear | Militia |
| 11:08 | Crear | Militia |
| 11:22 | Crear | Militia |
| 11:40 | Edad | Edad Feudal |
| 11:55 | Crear | Spearman |
| 12:07 | Construir | House |
| 12:39 | Investigar | Man-at-Arms (upgrade) |
| 12:49 | Construir | Farm |
| 12:51 | Construir | Farm |
| 13:05 | Construir | House |
| 13:32 | Investigar | Long Swordsman (upgrade) |
| 13:57 | Crear | Villager (Male) |
| 13:57 | Crear | Villager (Male) |
| 14:15 | Crear | Militia |
| 14:16 | Crear | Spearman |
| 14:59 | Construir | Market |
| 15:15 | Investigar | Pikeman (upgrade) |
| 15:17 | Crear | Villager (Male) |
| 15:17 | Crear | Villager (Male) |
| 15:52 | Construir | House |
| 15:54 | Construir | House |
| 15:57 | Construir | House |
| 16:09 | Construir | House |
| 16:33 | Construir | Blacksmith |
| 16:39 | Crear | Spearman |
| 16:39 | Crear | Spearman |
| 16:40 | Crear | Spearman |
| 17:27 | Crear | Spearman |
| 17:27 | Crear | Spearman |
Build order — Anima
90 acciones detectadas en el replay
| 0:00 | Crear | Villager (Male) |
| 0:01 | Crear | Villager (Male) |
| 0:02 | Construir | House |
| 0:05 | Construir | House |
| 0:06 | Crear | Villager (Male) |
| 0:07 | Crear | Villager (Male) |
| 0:07 | Crear | Villager (Male) |
| 1:31 | Crear | Villager (Male) |
| 1:51 | Construir | Lumber Camp |
| 1:59 | Crear | Villager (Male) |
| 2:27 | Crear | Villager (Male) |
| 3:00 | Crear | Villager (Male) |
| 3:19 | Crear | Villager (Male) |
| 3:35 | Construir | House |
| 3:55 | Construir | Mill |
| 3:57 | Crear | Villager (Male) |
| 4:06 | Crear | Villager (Male) |
| 4:33 | Crear | Villager (Male) |
| 4:54 | Crear | Villager (Male) |
| 4:58 | Construir | House |
| 5:25 | Crear | Villager (Male) |
| 6:00 | Crear | Villager (Male) |
| 6:00 | Crear | Villager (Male) |
| 6:13 | Construir | House |
| 6:48 | Crear | Villager (Male) |
| 7:15 | Crear | Villager (Male) |
| 7:35 | Crear | Villager (Male) |
| 7:36 | Crear | Villager (Male) |
| 8:31 | Construir | Mill |
| 8:32 | Crear | Villager (Male) |
| 8:33 | Crear | Villager (Male) |
| 8:37 | Crear | Villager (Male) |
| 9:31 | Crear | Villager (Male) |
| 9:31 | Crear | Villager (Male) |
| 9:44 | Investigar | Loom |
| 10:18 | Investigar | Feudal Age |
| 10:28 | Crear | Villager (Male) |
| 10:37 | Construir | Lumber Camp |
| 10:42 | Construir | House |
| 10:43 | Construir | House |
| 10:55 | Construir | Barracks |
| 11:07 | Crear | Villager (Male) |
| 11:07 | Crear | Villager (Male) |
| 11:19 | Crear | Villager (Male) |
| 11:19 | Crear | Villager (Male) |
| 11:53 | Crear | Villager (Male) |
| 12:22 | Construir | Farm |
| 12:24 | Construir | Farm |
| 12:24 | Construir | Farm |
| 12:27 | Construir | Farm |
| 12:28 | Edad | Edad Feudal |
| 12:38 | Construir | Stable |
| 12:40 | Construir | Stable |
| 12:49 | Crear | Villager (Male) |
| 12:56 | Investigar | Horse Collar |
| 13:04 | Crear | Villager (Male) |
| 13:24 | Crear | Scout Cavalry |
| 13:25 | Crear | Scout Cavalry |
| 13:25 | Crear | Scout Cavalry |
| 13:29 | Construir | Farm |
| 13:30 | Construir | Farm |
| 13:37 | Construir | Palisade Wall |
| 13:38 | Construir | Palisade Wall |
| 13:39 | Construir | Palisade Wall |
| 13:47 | Crear | Scout Cavalry |
| 13:48 | Crear | Scout Cavalry |
| 13:58 | Construir | Mining Camp |
| 14:04 | Construir | Farm |
| 14:38 | Crear | Scout Cavalry |
| 14:38 | Crear | Scout Cavalry |
| 14:44 | Construir | House |
| 14:45 | Construir | House |
| 14:51 | Construir | Blacksmith |
| 14:52 | Crear | Villager (Male) |
| 14:59 | Construir | Farm |
| 15:00 | Construir | Farm |
| 15:01 | Construir | Farm |
| 15:03 | Construir | Farm |
| 15:34 | Crear | Villager (Male) |
| 15:49 | Crear | Villager (Male) |
| 16:25 | Investigar | Double-Bit Axe |
| 16:49 | Construir | Archery Range |
| 16:51 | Construir | Archery Range |
| 16:52 | Crear | Villager (Male) |
| 16:52 | Crear | Villager (Male) |
| 17:10 | Crear | Villager (Male) |
| 17:19 | Construir | House |
| 17:22 | Construir | House |
| 17:30 | Construir | House |
| 17:32 | Crear | Militia |
Cronología de la partida
| 8:04 | RedGrant · first_building Barracks |
| 9:09 | RedGrant · wall_segment Palisade Wall x7 |
| 10:55 | Anima · first_building Barracks |
| 11:40 | RedGrant · age_up feudal |
| 12:28 | Anima · age_up feudal |
| 12:38 | Anima · first_building Stable |
| 13:37 | Anima · wall_segment Palisade Wall x1 |
| 13:38 | Anima · wall_segment Palisade Wall x1 |
| 13:39 | Anima · wall_segment Palisade Wall x1 |
| 16:49 | Anima · first_building Archery Range |
| 17:50 | Anima · resign |
[ ANÁLISIS IA · 1 CRÉDITO ]
¿Qué pasó realmente en esta partida?
Wolo.gg analiza cada decisión: build order, eco, micro, errores típicos por bracket. Análisis personalizado por WhatsApp o Discord en 30 segundos.
Guía civ
Armenios
Guía mapa
Kilimanjaro
Perfil
RedGrant